 Dungeon Sprint DCSS version 0.23.2-1-ga50397a6bc (webtiles) character file.

Game seed: 9510927557033486320

714 Kobolds4U the Imperceptible (level 7, -10/33 HPs)
             Began as a Spriggan Assassin on May 23, 2019.
             Was an Initiate of Okawaru.
             Mangled by a rust devil (11 damage)
             ... summoned by a kobold demonologist
             ... in the Dungeon (Sprint I: "Red Sonja").
             The game lasted 00:01:49 (121 turns).

Kobolds4U the Imperceptible (Spriggan Assassin)      Turns: 121, Time: 00:01:50

Health: -10/33     AC: -5    Str:  7    XL:     7   Next: 41%
Magic:  8/8        EV: 20    Int: 13    God:    Okawaru [......]
Gold:   431        SH:  0    Dex: 19    Spells: 6/6 levels left

rFire    . . .     SeeInvis +   a - +2 dagger
rCold    . . .     Gourm    .   (shield restricted)
rNeg     . . .     Faith    .   c - +0 robe
rPois    .         Spirit   .   (helmet restricted)
rElec    .         Reflect  .   d - +0 cloak
rCorr    .         Harm     .   (gloves unavailable)
MR       +....     NoTele   +   (boots unavailable)
Stlth    ++++++++..             (no amulet)
HPRegen  0.11/turn              (no ring)
MPRegen  0.11/turn              (no ring)

@: corroded, very quick
A: very small, unfitting armour, see invisible, herbivore, speed 3, slow
metabolism 2
a: Renounce Religion


You were in the Dungeon.
You worshipped Okawaru.
Okawaru was noncommittal.
You were not hungry.

You visited 1 branch You collected 431 gold pieces.

Inventory:

Hand Weapons
 a - a +2 dagger (weapon)
 b - a +0 blowgun
Missiles
 e - 6 poisoned needles
 f - a curare-tipped needle
Armour
 c - a +0 robe (worn)
 d - a +0 cloak (worn)
Scrolls
 m - a scroll of blinking
Potions
 h - a potion of curing
 i - a potion of heal wounds
 j - a potion of haste
 k - 2 potions of magic
 l - a potion of berserk rage
Comestibles
 g - a ration


   Skills:
 - Level 1.5 Fighting
 - Level 2.1 Short Blades
 - Level 2.0 Throwing
 + Level 3.9 Dodging
 * Level 22.2 Stealth


You had 6 spell levels left.
You didn't know any spells.
Your spell library was empty.

Dungeon Overview and Level Annotations

Branches:
Dungeon (1/1)

Altars:
Cheibriados
Dithmenos
Elyvilon
Fedhas
Gozag
Hepliaklqana
Kikubaaqudgha
Makhleb
Nemelex Xobeh
Okawaru
Qazlal
Ru
Sif Muna
Trog
Uskayaw
Vehumet
Wu Jian
Xom
Yredelemnul
Zin
The Shining One
Jiyva
Lugonu

Shops:
D (


Innate Abilities, Weirdness & Mutations

You are very small and have problems with some larger weapons.
You are too small for most types of armour.
You have supernaturally acute eyesight. (SInv)
You are a herbivore.
You cover ground extremely quickly.
You need to consume almost no food.


Message History

The orange demon completely misses you.
The kobold demonologist gestures wildly while chanting.
The kobold demonologist hits you with a cursed -1 dagger.
The white imp hits you. The white imp freezes you. The rust devil hits you!
The rust devil corrodes you!
You closely miss the kobold demonologist.
The kobold demonologist is heavily wounded.
The orange demon barely misses you.
The kobold demonologist hits you but does no damage.
The white imp hits you. The white imp freezes you.
* * * LOW HITPOINT WARNING * * *
The kobold demonologist casts a spell.
The rust devil barely misses you.
You hit the kobold demonologist but do no damage.
The kobold demonologist is heavily wounded.
The orange demon stings you from afar.
* * * LOW HITPOINT WARNING * * *
The kobold demonologist looks encouraged for a moment.
The rust devil hits you!
You die...

####################
'..#.)'..#__#.54@K3#
#.)'..#..'..'..#K54#
##'#####'#__####5.3+
#..#...#.#### #####
####..##.#
___##'#_.+
∩..†'..._#
.__##_.#'#
___###+#(#


You could see an orange demon, a rust devil, 2 kobold demonologists, a sixfirhy,
a neqoxec, an iron imp, a quasit and a white imp.

Vanquished Creatures
  A slime creature (D)
  Sigmund (D)
  A yak (D)
  A floating eye (D)
  An ogre (D)
  A jelly (D)
  Ijyb (D)
7 creatures vanquished.

Notes
Turn   | Place    | Note
-------+----------+-------------------------------------------
     0 | D        | Kobolds4U the Spriggan Assassin began the quest for the
                  | Orb.
     0 | D        | Reached XP level 1. HP: 10/10 MP: 2/2
     1 | D        | Noticed Ijyb
     4 | D        | Killed Ijyb
     4 | D        | Reached skill level 10 in Stealth
     4 | D        | Reached XP level 2. HP: 14/14 MP: 3/3
     6 | D        | Noticed an ogre
     9 | D        | Killed an ogre
     9 | D        | Reached skill level 14 in Stealth
     9 | D        | Reached XP level 3. HP: 18/18 MP: 4/4
     9 | D        | Reached XP level 4. HP: 22/22 MP: 5/5
    18 | D        | Noticed Sigmund
    21 | D        | Killed Sigmund
    21 | D        | Reached skill level 18 in Stealth
    21 | D        | Reached XP level 5. HP: 25/25 MP: 6/6
    33 | D        | Found a burning altar of Makhleb.
    33 | D        | Found a viscous altar of Jiyva.
    33 | D        | Found a shimmering altar of Xom.
    33 | D        | Found a corrupted altar of Lugonu.
    33 | D        | Noticed a slime creature
    36 | D        | Killed a slime creature
    36 | D        | Reached skill level 20 in Stealth
    36 | D        | Reached XP level 6. HP: 30/30 MP: 7/7
    38 | D        | Found an ornate altar of the Wu Jian Council.
    38 | D        | Found a deep blue altar of Sif Muna.
    40 | D        | Found a radiant altar of Vehumet.
    70 | D        | Found Olotau's Weapon Emporium.
    70 | D        | Found an ancient bone altar of Kikubaaqudgha.
    70 | D        | Found a hazy altar of Hepliaklqana.
    70 | D        | Found a stormy altar of Qazlal.
    70 | D        | Found a hide-covered altar of Uskayaw.
    70 | D        | Found a blossoming altar of Fedhas.
    70 | D        | Found a bloodstained altar of Trog.
    70 | D        | Found an iron altar of Okawaru.
    70 | D        | Found a basalt altar of Yredelemnul.
    70 | D        | Found a glowing golden altar of the Shining One.
    70 | D        | Found a snail-covered altar of Cheibriados.
    70 | D        | Found a sacrificial altar of Ru.
    70 | D        | Found a glowing silver altar of Zin.
    70 | D        | Found a shadowy altar of Dithmenos.
    70 | D        | Found a white marble altar of Elyvilon.
    70 | D        | Noticed a yak
    71 | D        | Found an opulent altar of Gozag.
    72 | D        | Killed a yak
    72 | D        | Reached skill level 21 in Stealth
    72 | D        | Reached XP level 7. HP: 33/33 MP: 8/8
    73 | D        | Found a sparkling altar of Nemelex Xobeh.
    78 | D        | Became a worshipper of Warmaster Okawaru
   103 | D        | Noticed a kobold demonologist
   104 | D        | Noticed a kobold demonologist
   106 | D        | Reached skill level 22 in Stealth
   113 | D        | Noticed a rust devil
   116 | D        | Noticed an orange demon
   120 | D        | Noticed a sixfirhy
   121 | D        | Noticed a neqoxec
   121 | D        | HP: 1/33 [orange demon[a kobold demonologist] (6)]
   121 | D        | Mangled by a rust devil

Skill      XL: |  1  2  3  4  5  6  7 |
---------------+----------------------+-----
Stealth        | 10 14 18 20 21 22 | 22.2
Dodging        | 3 |  3.9
Fighting       | |  1.5
Short Blades   | |  2.1
Throwing       | |  2.0

Action                   |  1- 3 |  4- 6 |  7- 9 || total
-------------------------+-------+-------+-------++-------
Melee: Dagger            |     2 |     4 |    11 ||    17
 Fire: Blowgun           |       |       |     3 ||     3
 Stab: Sleeping          |     2 |     4 |     1 ||     7
Armor: Robe              |       |       |     1 ||     1
Dodge: Dodged            |       |       |    20 ||    20
